 Dungeon Crawl Stone Soup version 0.31-a0-836-g3ceb0a68c4 (webtiles) character file.

Game seed: 14917333125809247463

219 mcwallace the Firebug (level 5, 0/38 HPs)
             Began as a Draconian Fire Elementalist on Sept 26, 2023.
             Slain by Duvessa
             ... wielding a +0 rapier
              (10 damage)
             ... on level 4 of the Dungeon.
             The game lasted 00:07:25 (4886 turns).

mcwallace the Firebug (Draconian Fire Elementalist) Turns: 4886, Time: 00:07:26

Health: 0/38       AC:  8    Str: 11    XL:     5   Next: 63%
Magic:  4/9        EV: 12    Int: 17    God:
Gold:   131        SH:  5    Dex: 11    Spells: 7/10 levels left

rFire   . . .        s - +2 whip (elec) {mace}
rCold   . . .        (no shield)
rNeg    . . .        (body armour unavailable)
rPois   .            (helmet restricted)
rElec   .            v - +0 cloak
rCorr   .            l - +0 pair of gloves
SInv    .            m - +0 pair of boots
Will    .....        i - amulet of reflection
Stlth   ++           (no ring)
HPRegen 0.26/turn    (no ring)
MPRegen 0.11/turn

%: reflection
@: invisible
A: AC +5, unfitting armour, cold-blooded
a: no special abilities


You were on level 4 of the Dungeon.
You visited 1 branch of the dungeon, and saw 4 of its levels.

You collected 153 gold pieces.
You spent 22 gold pieces at shops.


Innate Abilities, Weirdness & Mutations

Your plain brown scales are hard. (AC +5)
You cannot fit into any form of body armour.
You are cold-blooded and may be slowed by cold attacks.


   Skills:
 + Level 3.1 Dodging
 - Level 1.7 Stealth
 + Level 3.1 Spellcasting
 + Level 2.8 Conjurations
 + Level 4.1 Fire Magic


You had 7 spell levels left.
You knew the following spells:

 Your Spells              Type           Power      Damage    Failure   Level
a - Foxfire               Conj/Fire      56%        2x1d6     4%          1
b - Scorch                Fire           32%        2d6       4%          2

Your spell library contained the following spells:

 Spells                   Type           Power      Damage    Failure   Level
 Inner Flame              Hex/Fire       9%         N/A       22%         3
 Volatile Blastmotes      Fire/Tloc      18%        2d11      22%         3
 Flame Wave               Conj/Fire      14%        2d6       38%         4

Inventory:

Hand Weapons
 e - a +0 dagger {short}
   (You took it off a goblin on level 1 of the Dungeon)
 o - a +0 rapier {short}
   (You found it on level 2 of the Dungeon)
 s - a +2 whip of electrocution (weapon) {mace}
   (You took it off an orc on level 3 of the Dungeon)
Missiles
 c - 63 stones {throwing}
 f - 2 poisoned darts {throwing}
 n - 4 darts of dispersal {=f!fthrowing}
 u - 6 curare-tipped darts {=fthrowing}
Armour
 l - a +0 pair of gloves (worn)
   (You found it on level 2 of the Dungeon)
 m - a +0 pair of boots (worn)
   (You found it on level 2 of the Dungeon)
 v - a +0 cloak (worn)
   (You found it on level 3 of the Dungeon)
Magical Staves
 t - a staff of poison {!astaff}
   (You found it on level 3 of the Dungeon)
Jewellery
 i - an amulet of reflection (around neck)
   (You found it on level 1 of the Dungeon)
 x - a ring of protection from cold
   (You found it on level 4 of the Dungeon)
Wands
 w - a wand of charming (8)
   (You found it on level 3 of the Dungeon)
Scrolls
 b - 3 scrolls of identify {@r1}
 d - 3 scrolls of teleportation {@r4}
 k - 3 scrolls of fear
 r - a scroll of enchant armour {unknown}
Potions
 a - a potion of magic
 g - a potion of invisibility
 h - 2 potions of curing {@q1}
 j - a potion of resistance
 p - 2 potions of enlightenment {unknown}
 q - a potion of mutation {!q}

Dungeon Overview and Level Annotations

Branches:
Dungeon (4/15) Zot: 19090
 Temple: D:4-7

Altars:
Gozag
Okawaru
Uskayaw

Shops:
D:1 ?

Annotations:
D:4 Dowan, Duvessa

.# #...# .# #...##
.# #.#..# ..
#.######.#.#### .#
#.........#...# .#
#####.####.##.#
.##########.#
#.##>#
<...........#
#.##.#
#############
#@##.# #e##.#
#e##.# #†##.# ###
##.##.# ###..
#...#.###. ....
#......... #..e
#..####+########...
##.'.......'.#.....


You could see Duvessa (unable to see you) and Dowan (unable to see you).


Message History

😎 MP[-1]
You lost 1 mp, and now have 8/9 mp.
Casting: Foxfire (safe; 4% risk of failure)
Press: ? - help, Q - select action, (/) - cycle Dir - look around, f - activate You conjure some foxfire!
Duvessa, Sister of Dowan comes into view.
She is wielding a +0 rapier and wearing a +3 leather armour of willpower.
The foxfire hits the kobold.
You kill the kobold! 😎 MP[-1]
You lost 1 mp, and now have 7/9 mp.
Casting: Foxfire (safe; 4% risk of failure)
Press: ? - help, Q - select action, (/) - cycle Dir - look around, f - activate You miscast Foxfire.
You are very lightly contaminated with residual magic.
Nothing appears to happen. 😎 MP[-1]
You lost 1 mp, and now have 6/9 mp.
Casting: Foxfire (safe; 4% risk of failure)
Press: ? - help, Q - select action, (/) - cycle Dir - look around, f - activate You conjure some foxfire!
The foxfire hits Duvessa but does no damage. 😎 MP[-1]
You lost 1 mp, and now have 5/9 mp.
Casting: Foxfire (safe; 4% risk of failure)
Press: ? - help, Q - select action, (/) - cycle Dir - look around, f - activate You conjure some foxfire!
The foxfire hits Duvessa but does no damage. 😎 MP[-1]
You lost 1 mp, and now have 4/9 mp.
Casting: Foxfire (safe; 4% risk of failure)
Press: ? - help, Q - select action, (/) - cycle Dir - look around, f - activate You conjure some foxfire!
The foxfire hits Duvessa. x2
The foxfire hits Duvessa but does no damage. 😎 MP[-1]
You lost 1 mp, and now have 3/9 mp.
Casting: Foxfire (safe; 4% risk of failure)
Press: ? - help, Q - select action, (/) - cycle Dir - look around, f - activate You conjure some foxfire!
The foxfire hits Duvessa but does no damage.
The foxfire hits Duvessa. 😎 MP[-1]
You lost 1 mp, and now have 2/9 mp.
Casting: Foxfire (safe; 4% risk of failure)
Press: ? - help, Q - select action, (/) - cycle Dir - look around, f - activate You conjure some foxfire!
The foxfire hits Duvessa but does no damage.
Dowan, Brother of Duvessa comes into view.
He is wielding a +0 dagger of draining and wearing a +2 robe of willpower.
The foxfire hits Duvessa. 😎 MP[-1]
You lost 1 mp, and now have 1/9 mp.
Casting: Foxfire (safe; 4% risk of failure)
Press: ? - help, Q - select action, (/) - cycle Dir - look around, f - activate You miscast Foxfire.
Nothing appears to happen.
The foxfire hits Duvessa. x2
Your magical contamination has completely faded away.
There is an open door here. 😎 MP[+1]
There is an open door here.
An endoplasm comes into view.
The endoplasm moves out of view. 😎 MP[+1]
The endoplasm quivers.
You see here a hound corpse.
The endoplasm freezes you.
You are frozen.
Duvessa gestures with her weapon. 😕 HP[-5]
You take 5 damage, and now have 33/38 hp.
You hit the endoplasm.
You tail-slap the endoplasm, but do no damage.
The endoplasm freezes you.
You are frozen. 😕 HP[-4]
You take 4 damage, and now have 29/38 hp.
You whack the endoplasm!
You kill the endoplasm!
Duvessa barely misses you. Duvessa attacks as she pursues you!
You block Duvessa's attack. 😕 MP[+1]
You barely miss Duvessa. Duvessa hits you with a +0 rapier!
* * * LOW HITPOINT WARNING * * *
😨 HP[-10]
You take 10 damage, and now have 19/38 hp.
MASSIVE DAMAGE!! (PAUSE)
You hit Duvessa but do no damage. Duvessa hits you with a +0 rapier!
* * * LOW HITPOINT WARNING * * *
😨 HP[-9]
You take 9 damage, and now have 10/38 hp.
MASSIVE DAMAGE!! (PAUSE)
Aiming: Charm
Press: ? - help, Q - select action, (/) - cycle Shift-Dir - straight line
Okay, then.
You fade into invisibility!
Dowan points at you and mumbles some strange words.
Duvessa resists with almost no effort.
Duvessa misses you.
You completely miss Duvessa. You tail-slap Duvessa.
Duvessa hits you with a +0 rapier!
You die...

Skill      XL: |  1  2  3  4  5 |
---------------+----------------+-----
Dodging        | 2 3 |  3.1
Conjurations   | 2 |  2.8
Spellcasting   | 3 |  3.1
Fire Magic     | 4 |  4.1
Stealth        | |  1.7

Action                     |  1- 3 |  4- 6 || total
---------------------------+-------+-------++-------
  Melee: Unarmed           |     5 |       ||     5
         Dagger            |    61 |       ||    61
         Punch             |     2 |       ||     2
         Tailslap          |     7 |    20 ||    27
         Rapier            |       |    82 ||    82
         Whip              |       |    18 ||    18
   Cast: Foxfire           |    94 |    55 ||   149
         Scorch            |       |     5 ||     5
    Use: Scroll            |     3 |     3 ||     6
         Potion            |       |     1 ||     1
   Stab: Sleeping          |     5 |       ||     5
 Armour: Skin              |    41 |    42 ||    83
  Dodge: Dodged            |    45 |    70 ||   115
  Block: Other             |    14 |    21 ||    35

Levels and vault maps discovered:
D:1:      tekkud_arrival_beachfront_property, layout_basic, serial_shops, shop,
          shapermc_ecumenical_altar_venn, st_stairs_2
D:2:      minmay_evil_eye, layout_loops_corners, serial_glass, glass_columns_a,
          glass_columns_a, glass_columns_a, glass_columns_a, glass_columns_c,
          glass_columns_a, glass_columns_a, glass_columns_c, glass_columns_a,
          glass_columns_a, glass_columns_a, glass_columns_c, glass_columns_a,
          glass_columns_c
D:3:      layout_loops_ring, mainiacjoe_overflow_brackets, okawaru_gym_becter,
          serial_rivers, chequers_serial_rivers_small_b,
          chequers_serial_rivers_micro_b, chequers_serial_rivers_small_3,
          chequers_serial_rivers_micro_a, chequers_serial_rivers_room_a,
          minmay_vboxes
D:4:      minmay_razor_zed, layout_loops_ring,
          mainiacjoe_overflow_six_doors_small, nicolae_custom_books,
          uniq_duvessa, uniq_edmund

Notes
Turn   | Place    | Note
-------+----------+-------------------------------------------
     0 | D:1      | mcwallace the Draconian Fire Elementalist began the quest
                  | for the Orb.
     0 | D:1      | Reached XP level 1. HP: 14/14 MP: 3/3
     0 | D:1      | magus.rc [v1.9.6]
   202 | D:1      | Found Ukhoumpaurr's Magic Scroll Boutique.
   385 | D:1      | Reached skill level 2 in Dodging
   444 | D:1      | Reached XP level 2. HP: 20/20 MP: 0/5
   800 | D:1      | Found a faded altar of an unknown god.
  1283 | D:1      | Bought a scroll of identify for 22 gold pieces
  1519 | D:2      | Reached XP level 3. HP: 26/26 MP: 1/6
  2079 | D:2      | Reached skill level 2 in Conjurations
  2604 | D:2      | Reached XP level 4. HP: 25/33 MP: 2/7
  3613 | D:3      | Found an opulent altar of Gozag.
  3635 | D:3      | Found an iron altar of Okawaru.
  3816 | D:3      | HP: 2/33 [orc priest/divine providence (14)]
  4043 | D:2      | Learned a level 2 spell: Scorch
  4223 | D:3      | Reached XP level 5. HP: 28/38 MP: 3/9
  4410 | D:3      | Reached skill level 3 in Spellcasting
  4695 | D:4      | Reached skill level 3 in Dodging
  4700 | D:4      | Reached skill level 4 in Fire Magic
  4773 | D:4      | Found a hide-covered altar of Uskayaw.
  4848 | D:4      | Noticed Duvessa
  4854 | D:4      | Noticed Dowan
  4886 | D:4      | Slain by Duvessa

Vanquished Creatures
  A hound (D:4)
  An orc priest (D:3)
  An iguana (D:4)
  3 adders
  2 worms
  A dart slug (D:2)
  9 orcs (D:3)
  8 ball pythons
  9 endoplasms
  3 giant cockroaches
  7 goblins
  6 hobgoblins
  4 jackals (D:2)
  8 kobolds
  7 quokkas
  6 bats
  3 frilled lizards
  7 rats
86 creatures vanquished.

Vanquished Creatures (others)
  230 foxfires
230 creatures vanquished.

Grand Total: 316 creatures vanquished

Table legend:
 A = Non-vault XP
 B = Vault XP
 C = Vault XP percentage of total XP
 D = Non-vault monster count
 E = Vault monster count
 F = Vault count percentage of total count
                 A         B        C        D         E       F
            +---------+---------+-------+---------+---------+-------
      Total |     282 |      31 |   9.9 |      74 |      12 |  14.0
            +---------+---------+-------+---------+---------+-------
        D:1 |      28 |       3 |   9.7 |      17 |       2 |  10.5
        D:2 |      50 |      17 |  25.4 |      26 |       3 |  10.3
        D:3 |     108 |      11 |   9.2 |      25 |       7 |  21.9
        D:4 |      96 |       0 |   0.0 |       6 |       0 |   0.0
            +---------+---------+-------+---------+---------+-------

Skill      XL: |  1  2  3  4  5 |
---------------+----------------+-----
Dodging        | 2 3 |  3.1
Conjurations   | 2 |  2.8
Spellcasting   | 3 |  3.1
Fire Magic     | 4 |  4.1
Stealth        | |  1.7

Action                     |  1- 3 |  4- 6 || total
---------------------------+-------+-------++-------
  Melee: Unarmed           |     5 |       ||     5
         Dagger            |    61 |       ||    61
         Punch             |     2 |       ||     2
         Tailslap          |     7 |    20 ||    27
         Rapier            |       |    82 ||    82
         Whip              |       |    18 ||    18
   Cast: Foxfire           |    94 |    55 ||   149
         Scorch            |       |     5 ||     5
    Use: Scroll            |     3 |     3 ||     6
         Potion            |       |     1 ||     1
   Stab: Sleeping          |     5 |       ||     5
 Armour: Skin              |    41 |    42 ||    83
  Dodge: Dodged            |    45 |    70 ||   115
  Block: Other             |    14 |    21 ||    35

Illustrated notes

Table legend:
 A = Kills in this place as a percentage of kills in the entire game.
 B = Kills by you in this place as a percentage of kills by you in the entire game.
 C = Kills by friends in this place as a percentage of kills by friends in the entire game.
 D = Other kills in this place as a percentage of other kills in the entire game.
 E = Experience gained in this place as a percentage of experience gained in the entire game.
 F = Experience gained in this place divided by the number of levels of this place that you have seen.
                   A       B       C       D       E      F
               +-------+-------+-------+-------+-------+----------------------
         Total | 100.0 | 100.0 |   N/A |   N/A | 100.0 |  78.2
       Dungeon | 100.0 | 100.0 |   N/A |   N/A | 100.0 |  78.2
               +-------+-------+-------+-------+-------+----------------------

Table legend: (Time is in decaauts)
 A = Elapsed time spent in this place.
 B = Non-inter-level travel time spent in this place.
 C = Inter-level travel time spent in this place.
 D = Time resting spent in this place.
 E = Time spent auto-exploring this place.
 F = Levels seen in this place.
 G = Mean time per level.
                   A        B        C        D        E       F      G
               +--------+--------+--------+--------+--------+-----+--------+
         Total |   4908 |   4593 |    315 |    211 |   3659 |   4 | 1227.0 |
       Dungeon |   4908 |   4593 |    315 |    211 |   3659 |   4 | 1227.0 |
               +--------+--------+--------+--------+--------+-----+--------+

Top non-repeatable levels by time:
     D:2: 1865 daAuts
     D:3: 1495 daAuts
     D:1: 1292 daAuts
     D:4: 254 daAuts
